 Dungeon Crawl Stone Soup version 0.28-a0-312-gbced6e68ee (webtiles) character file.

Game seed: 1931459413203528520

146 AarnesTheHuman the Chiller (level 5, -7/39 HPs)
             Began as a Barachi Ice Elementalist on Aug 31, 2021.
             Blown up by Ijyb (15 damage)
             ... with a mindburst bolt
             ... on level 4 of the Dungeon.
             The game lasted 00:10:45 (3428 turns).

AarnesTheHuman the Chiller (BaIE)                   Turns: 3428, Time: 00:10:46

Health: -7/39      AC:  5    Str: 10    XL:     5   Next: 28%
Magic:  9/9        EV: 10    Int: 16    God:
Gold:   101        SH:  0    Dex: 12    Spells: 3/10 levels left

rFire   . . .      SeeInvis .   b - +0 spear (spect)
rCold   . . .      Faith    .   (no shield)
rNeg    . . .      Spirit   .   j - +0 ring mail
rPois   .          Reflect  .   (no helmet)
rElec   .          Harm     .   (no cloak)
rCorr   .          Rampage  .   (no gloves)
Will    .....                   (no boots)
Stlth   +.........              (no amulet)
HPRegen 0.13/turn               (no ring)
MPRegen 0.11/turn               (no ring)

@: unable to hop, slow
A: amphibious, slowness 1, strong legs 1, +LOS
a: Hop


You were on level 4 of the Dungeon.
You visited 1 branch of the dungeon, and saw 4 of its levels.

You collected 101 gold pieces.

Inventory:

Hand Weapons
 b - a +0 spectral spear (weapon)
 k - a +0 dagger
 m - a +2 dagger of freezing
Missiles
 e - 82 stones (quivered)
 n - 3 datura-tipped darts
Armour
 a - a +0 robe
 j - a +0 ring mail (worn)
 q - a +0 leather armour
Jewellery
 h - an amulet of faith
Potions
 c - a potion of ambrosia {unknown}
 d - a potion of brilliance
 f - a potion of might {unknown}
 g - 2 potions of curing
 i - a potion of resistance {unknown}
 o - a potion of magic
 t - 3 potions of flight {unknown}


   Skills:
 + Level 2.5 Fighting
 + Level 0.0 Polearms
 - Level 2.1 Dodging
 - Level 1.7 Stealth
 + Level 3.2 Spellcasting
 * Level 6.4 Ice Magic


You had 3 spell levels left.
You knew the following spells:

 Your Spells              Type           Power      Damage    Failure   Level
a - Freeze                Ice            92%        1d10      3%          1
b - Frozen Ramparts       Ice            46%        1d6       10%         3
c - Ozocubu's Armour      Ice            23%        N/A       10%         3

Your spell library contained the following spells:

 Spells                   Type           Power      Damage    Failure   Level
 Corpse Rot               Necr/Air       N/A        N/A       58%         2
 Poisonous Vapours        Pois/Air       4%         N/A       58%         2
 Hailstorm                Conj/Ice       12%        3d5       77%         4
 Freezing Cloud           Conj/Ice/Air   4%         6-21      99%         5


Dungeon Overview and Level Annotations

Branches:
Dungeon (4/15)
 Temple: D:4-7

Altars:

Shops:
D:4 :

Annotations:
D:3 exclusion: downstairs
D:4 Eustachio, Ijyb


Innate Abilities, Weirdness & Mutations

You are amphibious.
You cover ground slowly.
You can hop short distances.
You have an extended range of vision and can be seen from far away.


Message History

The goblin shoots a stone.
The stone hits you but does no damage.
Throw: 64 stones
Press: ? - help, Q - select action, (/) - cycle Shift-Dir - straight line, f - goblin
Aim: a goblin, wielding a +0 hunting sling and quivering stones (50% to hit)
You throw a stone. The stone closely misses the goblin.
The goblin shoots a stone.
The stone hits you.
Throw: 63 stones
Press: ? - help, Q - select action, (/) - cycle Shift-Dir - straight line, f/p - goblin
Aim: a goblin, wielding a +0 hunting sling and quivering stones (50% to hit)
You throw a stone.
The stone hits the goblin but does no damage.
The goblin shoots a stone.
The stone hits you.
Throw: 62 stones
Press: ? - help, Q - select action, (/) - cycle Shift-Dir - straight line, f/p - goblin
Aim: a goblin, wielding a +0 hunting sling and quivering stones (50% to hit)
You throw a stone. The stone closely misses the goblin.
The goblin shoots a stone.
The stone closely misses you.
The goblin shoots a stone.
The stone hits you.
The goblin shoots a stone.
The stone barely misses you.
The goblin shoots a stone.
The stone hits you.
The goblin shoots a stone.
The stone hits you.
Found an escape hatch in the ceiling.
The goblin shoots a stone.
The stone closely misses you.
You reach to attack!
You hit the goblin.
You kill the goblin!
Found Zulazi Zies's Book Shop.
e - 80 stones (gained 19)
Things that are here:
a +0 hunting sling; a +0 dagger; a goblin corpse
e - 82 stones (gained 2) Ijyb shouts!
Ijyb zaps a wand.
Your mind is blasted!
* * * LOW HITPOINT WARNING * * *
Hop to where?
Press: ? - help, Dir - move target An endoplasm comes into view.
Boing!
Found 24 sling bullets.
Found a stone staircase leading down.
Ijyb zaps a wand.
Your mind is blasted!
You die...

.####.....#..).....#
.#**#..............##
....#..#............#
#...##....###..°...##****
....###...##....####*,,,*
.....#...........##**,,,*
..................#*,,,.#
..............#...##(.>#*
............8.∩.@.8....#*
........................#
,***,,......g..####....##*
,,,*,,.........***,......**
,,,,,,.....J...,***,*##..,*
,**,,,.........****,,**,.**
***,,,.......##*,**,****,**
**,,,,,......,,,,,,,,,**,,*
,,,,,,,,.#..,,,*,,,,,,**,,*


You could see Ijyb and an endoplasm (wandering).

Vanquished Creatures
  An orc wizard (D:3)
  5 adders
  An adder skeleton (D:4)
  A worm (D:2)
  A dart slug (D:2)
  An orc (D:3)
  7 bats
  6 endoplasms
  3 giant cockroaches
  3 hobgoblins
  7 jackals
  A quokka (D:1)
  5 ball pythons
  3 frilled lizards
  5 goblins
  3 kobolds (D:1)
  9 rats
62 creatures vanquished.

Vanquished Creatures (collateral kills)
  2 orcs (D:4)
  An endoplasm (D:4)
3 creatures vanquished.

Grand Total: 65 creatures vanquished

Notes
Turn   | Place    | Note
-------+----------+-------------------------------------------
     0 | D:1      | AarnesTheHuman the Barachi Ice Elementalist began the quest
                  | for the Orb.
     0 | D:1      | Reached XP level 1. HP: 13/13 MP: 3/3
    81 | D:1      | Reached skill level 5 in Ice Magic
   160 | D:1      | Reached XP level 2. HP: 13/20 MP: 0/5
   321 | D:1      | Found a faded altar of an unknown god.
   396 | D:1      | Reached skill level 1 in Fighting
   931 | D:1      | Reached XP level 3. HP: 26/26 MP: 1/6
  1759 | D:2      | Reached XP level 4. HP: 31/33 MP: 1/8
  2063 | D:2      | Reached skill level 6 in Ice Magic
  2939 | D:4      | Noticed Ijyb
  2974 | D:3      | Reached XP level 5. HP: 27/39 MP: 5/9
  3164 | D:4      | Noticed Eustachio
  3178 | D:3      | Learned a level 3 spell: Frozen Ramparts
  3182 | D:3      | Learned a level 3 spell: Ozocubu's Armour
  3418 | D:4      | Found Zulazi Zies's Book Shop.
  3428 | D:4      | Blown up by Ijyb

Illustrated notes

Levels and vault maps discovered:
D:1:      dpeg_arrival_simpleton_b, layout_basic,
          chequers_ecumenical_altar_island
D:2:      minmay_chambers_of_ones, layout_loops_ring, hangedman_decor_push
D:3:      layout_basic, minmay_distorted
D:4:      layout_cave_pools, serial_column_ruins, column_ruins_open_small_water,
          column_ruins_open_medium, column_ruins_grid_1, column_ruins_grid_3,
          column_ruins_grid_1, serial_shops, shop_statue, uniq_ijyb,
          uniq_eustachio

Skill      XL: |  1  2  3  4 |
---------------+-------------+-----
Ice Magic      | 5 6 |  6.4
Fighting       | 1 2 |  2.5
Spellcasting   | 3 |  3.2
Dodging        | |  2.1
Stealth        | |  1.7

Action                   |  1- 3 |  4- 6 || total
-------------------------+-------+-------++-------
Melee: Spear             |    41 |     9 ||    50
       Dagger            |    15 |    21 ||    36
Throw: Stone             |       |     7 ||     7
 Cast: Freeze            |    31 |    22 ||    53
 Abil: Hop               |       |     1 ||     1
  Use: Scroll            |       |    10 ||    10
 Stab: Sleeping          |     5 |     2 ||     7
Armor: Robe              |     7 |       ||     7
       Leather armour    |     9 |    15 ||    24
       Ring mail         |       |     1 ||     1
Dodge: Dodged            |    54 |    24 ||    78

Table legend: (Time is in decaauts)
 A = Elapsed time spent in this place.
 B = Non-inter-level travel time spent in this place.
 C = Inter-level travel time spent in this place.
 D = Time resting spent in this place.
 E = Time spent auto-exploring this place.
 F = Levels seen in this place.
 G = Mean time per level.
                   A        B        C        D        E       F      G
               +--------+--------+--------+--------+--------+-----+--------+
         Total |   3911 |   3478 |    433 |    447 |   2222 |   4 |  977.8 |
       Dungeon |   3911 |   3478 |    433 |    447 |   2222 |   4 |  977.8 |
               +--------+--------+--------+--------+--------+-----+--------+

Top non-repeatable levels by time:
     D:2: 1318 daAuts
     D:1: 1179 daAuts
     D:3: 1129 daAuts
     D:4: 283 daAuts
